 Dungeon Crawl Stone Soup version 0.28-a0-407-g69098e2f6d (webtiles) character file.

Game seed: 4143609325701127798

312 bearlyready the Slasher (level 6, -37/53 HPs)
             Began as a Gnoll Cinder Acolyte on Sept 5, 2021.
             Was a High Priest of Ignis.
             Killed from afar by a gnoll (46 damage)
             ... with a bolt of acid
             ... on level 4 of the Dungeon.
             The game lasted 00:06:12 (4906 turns).

bearlyready the Slasher (Gnoll Cinder Acolyte)      Turns: 4906, Time: 00:06:13

Health: -37/53     AC:  2    Str: 16    XL:     6   Next: 42%
Magic:  11/11      EV: 11    Int: 13    God:    Ignis [*****.]
Gold:   164        SH:  0    Dex:  7    Spells: 11/11 levels left

rFire   + + .      SeeInvis .   a - +0 falchion (flame)
rCold   + + .      Faith    .   (no shield)
rNeg    . . .      Spirit   .   t - +2 leather armour {rC+}
rPois   .          Reflect  .   (no helmet)
rElec   .          Harm     .   s - scarf {rC+ rF+}
rCorr   .          Rampage  .   g - +0 pair of gloves
Will    .....                   (no boots)
Stlth   +.........              (no amulet)
HPRegen 0.17/turn               (no ring)
MPRegen 0.12/turn               (no ring)

@: corroded
A: fangs 1, strong nose, distributed training
a: Renounce Religion, Sea of Fire, Foxfire Swarm, Rising Flame


You were on level 4 of the Dungeon.
You worshipped Ignis.
Ignis was extremely pleased with you.
You visited 1 branch of the dungeon, and saw 4 of its levels.

You collected 164 gold pieces.

Inventory:

Hand Weapons
 a - a +0 falchion of flaming (weapon)
 j - a +2 dagger of flaming
Missiles
 c - 18 stones
 n - 16 poisoned darts (quivered)
Armour
 b - a +0 robe
 g - a +0 pair of gloves (worn)
 m - a +0 ring mail
 s - a scarf of resistance (worn)
 t - a +2 leather armour of cold resistance (worn)
Jewellery
 l - a +6 ring of dexterity
Scrolls
 e - a scroll of blinking
 f - a scroll of identify
 h - a scroll of amnesia {unknown}
Potions
 d - a potion of curing {unknown}
 i - a potion of degeneration {unknown}
 k - a potion of heal wounds {unknown}
 o - a potion of brilliance {unknown}
 p - a potion of might {unknown}
 r - a potion of attraction {unknown}


   Skills:
 + Level 6.8 Fighting
 + Level 2.0 Short Blades
 + Level 6.8 Long Blades
 + Level 2.0 Axes
 + Level 2.0 Maces & Flails
 + Level 2.0 Polearms
 + Level 2.0 Staves
 + Level 2.0 Slings
 + Level 2.0 Bows
 + Level 2.0 Crossbows
 + Level 2.0 Throwing
 + Level 2.0 Armour
 + Level 2.0 Dodging
 + Level 2.0 Stealth
 + Level 2.0 Shields
 + Level 2.0 Unarmed Combat
 + Level 3.4 Spellcasting
 + Level 1.5 Conjurations
 + Level 1.5 Hexes
 + Level 1.5 Summonings
 + Level 1.5 Necromancy
 + Level 1.5 Translocations
 + Level 1.5 Transmutations
 + Level 5.6 Fire Magic
 + Level 1.5 Ice Magic
 + Level 1.5 Air Magic
 + Level 1.5 Earth Magic
 + Level 1.5 Poison Magic
 + Level 2.1 Invocations
 + Level 2.0 Evocations


You had 11 spell levels left.
You didn't know any spells.
Your spell library contained the following spells:

 Spells                   Type           Power      Damage    Failure   Level
 Scorch                   Fire           34%        2d7       4%          2


Dungeon Overview and Level Annotations

Branches:
Dungeon (4/15)
 Temple: D:4-7

Altars:
Ashenzari
Gozag
Nemelex Xobeh
Trog
Uskayaw
Wu Jian

Shops:
D:4 (

Annotations:
D:3 3 runed translucent doors, pmoppi's ghost, amateur TeMo


Innate Abilities, Weirdness & Mutations

You have very sharp teeth.
Your uncanny sense of smell can sniff out nearby items.
Your experience applies equally to all skills.


Message History

The gnoll shaman closely misses you.
You barely miss the gnoll shaman. Your bite misses the gnoll shaman.
The gnoll shaman hits you with a +0 long sword.
You hit the gnoll shaman but do no damage.
You bite the gnoll shaman, but do no damage.
The gnoll shaman hits you with a +0 long sword.
You hit the gnoll shaman. You burn the gnoll shaman.
The gnoll shaman is moderately wounded.
The gnoll hits you but does no damage.
The gnoll shaman mumbles some strange prayers to its god against you.
You resist with some effort.
The gnoll zaps a wand.
The bolt of acid hits you!!
Ouch! That really hurt!
The acid corrodes you!
You are too injured to fight recklessly!
The gnoll hits you from afar with a +0 spear!
* * * LOW HITPOINT WARNING * * *
The gnoll shaman misses you.
The gnoll shaman mumbles some strange prayers to its god against you.
You are outlined in light.
The gnoll shaman calls upon its god to speed up the gnoll.
The gnoll seems to speed up.
There is a stone staircase leading up here.
You are no longer corroded.
You climb upwards.
Level annotation: 3 runed translucent doors, pmoppi's ghost, amateur TeMo
There is a stone staircase leading down here.
You start resting.
You are no longer glowing.
You start resting.
HP restored.
You climb downwards.
The gnoll zaps a wand.
The bolt of acid hits you!!
Ouch! That really hurt!
The acid corrodes you!
There is a stone staircase leading up here.
The gnoll shaman hits you with a +0 long sword!
* * * LOW HITPOINT WARNING * * *
The gnoll zaps a wand.
The bolt of acid hits you!!!
Ouch! That really hurt!
You die...

######'''######..## #.
#...'.....'...#...####.
#._.'.PP..'._)#...#....
#...'.....'...#...#.#..
######'''######...#....
##.#...## ####.#.∩.#
#.......# #.........
#....g..# #......###
#...@##.# #.).####
#.##.##.#####.###
#.##.g..g.gg....#**
#.......#######.#≈*
#.#####.# *.#≈*
#.......# **#.#
##.###### *## #o#≈..# *
#.#≈P≈# *


You could see a gnoll shaman and a gnoll.

Vanquished Creatures
  An ogre (D:4)
  A scorpion (D:2)
  A centaur skeleton (D:4)
  An iguana (D:3)
  An adder (D:2)
  3 gnolls (D:3)
  An adder skeleton (D:2)
  A worm (D:2)
  5 orcs
  6 bats
  8 endoplasms
  3 giant cockroaches
  3 goblins
  6 hobgoblins
  4 jackals (D:2)
  3 kobolds
  3 quokkas (D:2)
  4 ball pythons
  5 frilled lizards
  6 rats
66 creatures vanquished.

Vanquished Creatures (others)
  25 foxfires
  11 fungi (D:4)
  A plant (D:4)
37 creatures vanquished.

Grand Total: 103 creatures vanquished

Notes
Turn   | Place    | Note
-------+----------+-------------------------------------------
     0 | D:1      | bearlyready the Gnoll Cinder Acolyte began the quest for
                  | the Orb.
     0 | D:1      | Reached XP level 1. HP: 23/23 MP: 4/4
    51 | D:1      | Reached XP level 2. HP: 19/29 MP: 5/5
   535 | D:1      | Found a faded altar of an unknown god.
   703 | D:1      | Reached XP level 3. HP: 35/35 MP: 7/7
   921 | D:2      | Noticed a scorpion
   929 | D:2      | Killed a scorpion
   930 | D:2      | Reached skill level 1 in Short Blades
   930 | D:2      | Reached skill level 1 in Axes
   930 | D:2      | Reached skill level 1 in Maces & Flails
   930 | D:2      | Reached skill level 1 in Polearms
   930 | D:2      | Reached skill level 1 in Staves
   930 | D:2      | Reached skill level 1 in Slings
   930 | D:2      | Reached skill level 1 in Bows
   930 | D:2      | Reached skill level 1 in Crossbows
   930 | D:2      | Reached skill level 1 in Throwing
   930 | D:2      | Reached skill level 1 in Armour
   930 | D:2      | Reached skill level 1 in Dodging
   930 | D:2      | Reached skill level 1 in Stealth
   930 | D:2      | Reached skill level 1 in Shields
   930 | D:2      | Reached skill level 1 in Unarmed Combat
   930 | D:2      | Reached skill level 1 in Conjurations
   930 | D:2      | Reached skill level 1 in Hexes
   930 | D:2      | Reached skill level 1 in Summonings
   930 | D:2      | Reached skill level 1 in Necromancy
   930 | D:2      | Reached skill level 1 in Translocations
   930 | D:2      | Reached skill level 1 in Transmutations
   930 | D:2      | Reached skill level 1 in Ice Magic
   930 | D:2      | Reached skill level 1 in Air Magic
   930 | D:2      | Reached skill level 1 in Earth Magic
   930 | D:2      | Reached skill level 1 in Poison Magic
   930 | D:2      | Reached skill level 1 in Invocations
   930 | D:2      | Reached skill level 1 in Evocations
   930 | D:2      | Reached XP level 4. HP: 41/41 MP: 8/8
  1164 | D:2      | Reached XP level 5. HP: 47/47 MP: 9/9
  2026 | D:3      | Found a runed translucent gate.
  2026 | D:3      | Found a runed translucent gate.
  2026 | D:3      | Found a runed translucent gate.
  2027 | D:3      | Found an opulent altar of Gozag.
  2027 | D:3      | Noticed pmoppi's ghost (amateur TeMo)
  2028 | D:3      | Noticed a phantom
  2553 | D:3      | Found a faded altar of an unknown god.
  2553 | D:3      | Found an ornate altar of the Wu Jian Council.
  2559 | D:3      | Found a sparkling altar of Nemelex Xobeh.
  2561 | D:3      | Found a broken altar of Ashenzari.
  2563 | D:3      | Found a hide-covered altar of Uskayaw.
  3482 | D:4      | Noticed an ogre
  3504 | D:4      | Noticed an ogre
  3515 | D:4      | Killed an ogre
  3516 | D:4      | Reached XP level 6. HP: 9/53 MP: 9/11
  3521 | D:4      | Found Sofayl's Weapon Emporium.
  4630 | D:4      | Found an opulent altar of Gozag.
  4633 | D:4      | Found a bloodstained altar of Trog.
  4906 | D:4      | Killed from afar by a gnoll

Illustrated notes

Levels and vault maps discovered:
D:1:      onia_arrival_handbag, layout_loops_ring,
          hellmonk_ecumenical_altar_leap_of_faith
D:2:      layout_basic
D:3:      layout_basic, chequers_temple_overflow_minitemple,
          ebering_ghost_gozag, kennysheep_potato
D:4:      layout_loops_cross, mainiacjoe_overflow_big_doors, serial_shops,
          nicolae_shop_stone, serial_aquarium, aquarium_bridge_square
          [aquarium_subvault_bridge, aquarium_subvault_wall,
          aquarium_subvault_balcony, aquarium_subvault_bridge],
          aquarium_bridge_square [aquarium_subvault_window,
          aquarium_subvault_window, aquarium_subvault_bridge,
          aquarium_subvault_bridge], aquarium_window_corner,
          aquarium_window_fake, aquarium_window_2, aquarium_view_2e

Skill      XL: |  1  2  3  4  5  6 |
---------------+-------------------+-----
Short Blades   | 1 2 |  2.0
Axes           | 1 2 |  2.0
Maces & Flails | 1 2 |  2.0
Polearms       | 1 2 |  2.0
Staves         | 1 2 |  2.0
Slings         | 1 2 |  2.0
Bows           | 1 2 |  2.0
Crossbows      | 1 2 |  2.0
Throwing       | 1 2 |  2.0
Armour         | 1 2 |  2.0
Dodging        | 1 2 |  2.0
Stealth        | 1 2 |  2.0
Shields        | 1 2 |  2.0
Unarmed Combat | 1 2 |  2.0
Spellcasting   | 3 |  3.4
Conjurations   | 1 |  1.5
Hexes          | 1 |  1.5
Summonings     | 1 |  1.5
Necromancy     | 1 |  1.5
Translocations | 1 |  1.5
Transmutations | 1 |  1.5
Ice Magic      | 1 |  1.5
Air Magic      | 1 |  1.5
Earth Magic    | 1 |  1.5
Poison Magic   | 1 |  1.5
Invocations    | 1 2 |  2.1
Evocations     | 1 2 |  2.0
Fighting       | |  6.8
Long Blades    | |  6.8
Fire Magic     | |  5.6

Action                   |  1- 3 |  4- 6 || total
-------------------------+-------+-------++-------
Melee: Falchion          |    57 |    62 ||   119
       Bite              |     3 |    17 ||    20
       Dagger            |       |   139 ||   139
       Punch             |       |     2 ||     2
Throw: Dart              |       |     4 ||     4
Invok: Foxfire Swarm     |     1 |     1 ||     2
  Use: Scroll            |       |     5 ||     5
 Stab: Sleeping          |     1 |     1 ||     2
Armor: Robe              |    18 |    27 ||    45
       Ring mail         |       |    11 ||    11
       Leather armour    |       |    19 ||    19
Dodge: Dodged            |    26 |   117 ||   143

Table legend: (Time is in decaauts)
 A = Elapsed time spent in this place.
 B = Non-inter-level travel time spent in this place.
 C = Inter-level travel time spent in this place.
 D = Time resting spent in this place.
 E = Time spent auto-exploring this place.
 F = Levels seen in this place.
 G = Mean time per level.
                   A        B        C        D        E       F      G
               +--------+--------+--------+--------+--------+-----+--------+
         Total |   4895 |   4697 |    198 |   1147 |   2783 |   4 | 1223.8 |
       Dungeon |   4895 |   4697 |    198 |   1147 |   2783 |   4 | 1223.8 |
               +--------+--------+--------+--------+--------+-----+--------+

Top non-repeatable levels by time:
     D:3: 2459 daAuts
     D:2: 1009 daAuts
     D:1: 906 daAuts
     D:4: 520 daAuts
